 Dungeon Sprint DCSS version 0.26.1-10-gdfb7c7de75 (webtiles) character file.

Game seed: 963453222162330180

11400000 phalm the Champion of Chaos (level 27, -13/298 HPs)
             Began as a Deep Dwarf Gladiator on Apr 8, 2021.
             Was the Champion of Makhleb.
             Killed by the air
             ... invoked by a tyrant
              (38 damage)
             ... in the Dungeon (Sprint VIII: "Arena of Blood").
             The game lasted 00:05:32 (114 turns).

phalm the Champion of Chaos (Deep Dwarf Gladiator)   Turns: 114, Time: 00:05:32

Health: -13/298    AC:  8    Str: 28    XL:     27
Magic:  25/54      EV: 31    Int: 12    God:    Makhleb [******]
Gold:   0          SH:  0    Dex: 14    Spells: 80/80 levels left

rFire    . . .     SeeInvis .   k - +∞ Axe of Woe
rCold    . . .     Faith    .   (shield currently unavailable)
rNeg     + . .     Spirit   .   b - +0 leather armour
rPois    .         Reflect  .   c - +0 helmet
rElec    .         Harm     .   (no cloak)
rCorr    .         Rampage  .   (no gloves)
Will     ++++.     NoTele   +   (no boots)
Stlth    +++++++++.             (no amulet)
HPRegen  0.00/turn              l - +30 ring of slaying
MPRegen  0.34/turn              n - +250 ring of slaying

@: non-regenerating
A: damage resistance, heal wounds, negative energy resistance 1, sense
surroundings 3, no regeneration
a: Heal Wounds, Renounce Religion, Minor Destruction, Lesser Servant of Makhleb,
Major Destruction, Greater Servant of Makhleb


You were in the Dungeon.
You worshipped Makhleb.
Makhleb was exalted by your worship.
You visited 1 branch

Inventory:

Hand Weapons
 a - a +0 war axe
 k - the +∞ Axe of Woe (weapon)
   (You found it in the Dungeon)
Missiles
 d - 2 throwing nets (quivered)
Armour
 b - a +0 leather armour (worn)
 c - a +0 helmet (worn)
Jewellery
 l - a +30 ring of slaying (left hand)
 m - a +30 ring of slaying
 n - a +250 ring of slaying (right hand)
Scrolls
 j - a scroll of blinking
Potions
 e - a potion of curing
 f - a potion of heal wounds
 g - a potion of haste
 h - 2 potions of magic
 i - a potion of berserk rage


   Skills:
 O Level 27 Fighting
 O Level 27 Short Blades
 O Level 27 Long Blades
 O Level 27 Axes
 O Level 27 Maces & Flails
 O Level 27 Polearms
 O Level 27 Staves
 O Level 27 Slings
 O Level 27 Bows
 O Level 27 Crossbows
 O Level 27 Throwing
 O Level 27 Armour
 O Level 27 Dodging
 O Level 27 Stealth
 O Level 27 Shields
 O Level 27 Unarmed Combat
 O Level 27 Spellcasting
 O Level 27 Conjurations
 O Level 27 Hexes
 O Level 27 Summonings
 O Level 27 Necromancy
 O Level 27 Translocations
 O Level 27 Transmutations
 O Level 27 Fire Magic
 O Level 27 Ice Magic
 O Level 27 Air Magic
 O Level 27 Earth Magic
 O Level 27 Poison Magic
 O Level 27 Invocations
 O Level 27 Evocations


You had 80 spell levels left.
You didn't know any spells.
Your spell library was empty.

Dungeon Overview and Level Annotations

Branches:
Dungeon (1/1)

Altars:
Makhleb


Innate Abilities, Weirdness & Mutations

You are resistant to damage.
You can heal yourself by infusing magical energy.
You resist negative energy. (rN+)
You passively map a large area around you.
You do not regenerate.


Message History

The seven-headed meat hydra grows two more!
You open the nine-headed meat hydra like a pillowcase!!!!!!
You slaughter the nine-headed meat hydra joyfully.
You kill the nine-headed meat hydra!
Makhleb accepts your kill.
You dice the meat berserker like an onion!!!
You slaughter the meat berserker joyfully.
You kill the meat berserker!
Makhleb accepts your kill.
You hear a shout!
The eight-headed meat hydra calls on the powers of darkness!
The eight-headed meat hydra convulses!
The bag of meat convulses! x3
The meat berserker convulses!
The bag of meat convulses!
Your body is wracked with pain!
* * * LOW HITPOINT WARNING * * *
The bag of meat convulses! x2; The meat berserker convulses!
The meat berserker rages.
The tyrant waves its bony arms in wide circles.
The air twists around and strikes you!!!
You die...

, , , , #.,, ..# , ,
, ,#.. ,...# ,,, , *,
, .###.. ,...###... ,
, ,, ,
......###......... ,
, ,
......)_){........ ,
, *
....#.)))W#..o.... *
,,, L,
#_.<)_#......., * , *
.ooO#.).))#......# *,
,
,ooo.Oo)@)))o......,
, , ,
,.D.2..###o)).L....*,
, , .###....)).###o..
, , , , , ,
,#.....).# , .. , , ,
, ,#......L#, , ,,, ,
*,, .......... ,,, *
......{...., * , ,, ,
,, ,........... , ,
,, , ,..........## ,
,


You could see a meat beast (fast), 2 tyrants, an eight-headed meat hydra, a
dread, 2 meat berserkers and 9 bags of meat.

Vanquished Creatures
  11 hell beasts (D)
  3 royal mummies (D)
  A great orb of eyes (D)
  3 wraiths (D)
  Harold (D)
  5 vampire knights (D)
  37 ogres (D)
  4 two-headed ogres (D)
  5 liches (D)
  2 hydras (D)
  55 orcs (D)
  4 phantoms (D)
  7 skeletal warriors (D)
  11 small abominations (D)
  6 large abominations (D)
  19 crawling corpses (D)
174 creatures vanquished.

Vanquished Creatures (others)
  An ogre (D)
  2 two-headed ogres (D)
  4 orcs (D)
  2 crawling corpses (D)
9 creatures vanquished.

Grand Total: 183 creatures vanquished

Notes
Turn   | Place    | Note
-------+----------+-------------------------------------------
     0 | D        | Found the +∞ Axe of Woe
     0 | D        | phalm the Deep Dwarf Gladiator began the quest for the Orb.
     0 | D        | Reached XP level 1. HP: 19/19 MP: 1/1
     0 | D        | Noticed a bag of meat
     2 | D        | Noticed a bag of meat
     2 | D        | Noticed a bag of meat
     3 | D        | Noticed a meat berserker
     3 | D        | Noticed a bag of meat
     5 | D        | Became a worshipper of Makhleb the Destroyer
     5 | D        | Noticed a meat berserker
     5 | D        | Noticed a bag of meat
     5 | D        | Noticed a bag of meat
     5 | D        | Noticed a bag of meat
     6 | D        | Noticed a bag of meat
     7 | D        | Killed a bag of meat
     7 | D        | Noticed a bag of meat
     7 | D        | Noticed a meat berserker
     8 | D        | Reached skill level 15 in Invocations
     8 | D        | Reached XP level 2. HP: 44/44 MP: 1/10
     8 | D        | Reached XP level 3. HP: 51/51 MP: 1/12
     8 | D        | Reached XP level 4. HP: 60/60 MP: 1/13
     8 | D        | Reached XP level 5. HP: 67/67 MP: 1/15
     8 | D        | Reached XP level 6. HP: 74/74 MP: 1/16
     8 | D        | Reached XP level 7. HP: 81/81 MP: 1/18
     8 | D        | Reached XP level 8. HP: 90/90 MP: 1/19
     8 | D        | Gained mutation: You passively map the area around you.
                  | [Deep Dwarf growth]
     8 | D        | Reached XP level 9. HP: 97/97 MP: 1/20
     8 | D        | Reached XP level 10. HP: 105/105 MP: 1/21
     8 | D        | Reached XP level 11. HP: 111/111 MP: 1/22
     8 | D        | Noticed a bag of meat
     8 | D        | Killed a bag of meat
     8 | D        | Reached * piety under Makhleb
     8 | D        | Killed a meat berserker
     8 | D        | Noticed a bag of meat
     8 | D        | Noticed a bag of meat
     9 | D        | Reached skill level 15 in Fighting
     9 | D        | Reached skill level 15 in Throwing
     9 | D        | Reached XP level 12. HP: 132/132 MP: 1/26
     9 | D        | Reached XP level 13. HP: 139/139 MP: 1/27
     9 | D        | Gained mutation: You resist negative energy. (rN+) [Deep
                  | Dwarf growth]
     9 | D        | Reached XP level 14. HP: 147/147 MP: 1/28
     9 | D        | Killed a meat berserker
     9 | D        | Killed a bag of meat
     9 | D        | Reached ** piety under Makhleb
     9 | D        | Killed a bag of meat
     9 | D        | Noticed a bag of meat
     9 | D        | Noticed a bag of meat
    10 | D        | Reached XP level 15. HP: 163/163 MP: 1/30
    11 | D        | Reached XP level 16. HP: 174/174 MP: 1/32
    11 | D        | Reached *** piety under Makhleb
    12 | D        | Reached XP level 17. HP: 178/187 MP: 1/34
    12 | D        | Reached **** piety under Makhleb
    12 | D        | Killed a meat berserker
    13 | D        | Reached skill level 27 in Invocations
    13 | D        | Noticed a meat berserker
    14 | D        | Gained mutation: You passively map a large area around you.
                  | [Deep Dwarf growth]
    14 | D        | Reached XP level 18. HP: 202/202 MP: 2/35
    15 | D        | Reached ***** piety under Makhleb
    17 | D        | Noticed a meat berserker
    18 | D        | Reached skill level 27 in Axes
    18 | D        | Reached skill level 27 in Armour
    18 | D        | Reached skill level 27 in Dodging
    19 | D        | Killed a meat berserker
    20 | D        | Reached skill level 27 in Fighting
    20 | D        | Reached skill level 27 in Throwing
    20 | D        | Reached skill level 1 in Short Blades
    20 | D        | Reached skill level 1 in Polearms
    20 | D        | Reached skill level 1 in Staves
    20 | D        | Reached skill level 1 in Bows
    20 | D        | Reached skill level 1 in Unarmed Combat
    20 | D        | Reached skill level 1 in Spellcasting
    20 | D        | Reached skill level 1 in Conjurations
    20 | D        | Reached skill level 1 in Hexes
    20 | D        | Reached skill level 1 in Summonings
    20 | D        | Reached skill level 1 in Transmutations
    20 | D        | Reached skill level 1 in Fire Magic
    20 | D        | Reached skill level 1 in Ice Magic
    20 | D        | Reached skill level 1 in Air Magic
    20 | D        | Reached skill level 1 in Poison Magic
    20 | D        | Reached XP level 19. HP: 226/226 MP: 3/36
    20 | D        | Noticed a meat berserker
    20 | D        | Noticed a meat berserker
    22 | D        | Reached skill level 5 in Earth Magic
    22 | D        | Killed a meat berserker
    22 | D        | Killed a meat berserker
    23 | D        | Reached skill level 5 in Bows
    23 | D        | Reached skill level 5 in Air Magic
    23 | D        | Reached XP level 20. HP: 236/236 MP: 4/37
    25 | D        | Noticed a meat berserker
    26 | D        | Reached skill level 10 in Stealth
    26 | D        | Reached skill level 10 in Earth Magic
    26 | D        | Reached skill level 10 in Evocations
    26 | D        | Reached ****** piety under Makhleb
    26 | D        | Noticed a meat berserker
    27 | D        | Noticed a large bag of meat
    27 | D        | Noticed a large bag of meat
    28 | D        | Noticed a meat berserker
    28 | D        | Noticed a meat berserker
    29 | D        | Noticed a meat berserker
    30 | D        | Noticed a meat berserker
    30 | D        | Noticed a meat berserker
    32 | D        | Killed a meat berserker
    32 | D        | Noticed a meat berserker
    33 | D        | Reached skill level 10 in Long Blades
    33 | D        | Reached skill level 10 in Maces & Flails
    33 | D        | Reached skill level 10 in Slings
    33 | D        | Reached skill level 10 in Crossbows
    33 | D        | Reached skill level 10 in Shields
    33 | D        | Reached skill level 10 in Necromancy
    33 | D        | Reached skill level 10 in Translocations
    33 | D        | Reached XP level 21. HP: 244/244 MP: 6/38
    33 | D        | Killed a large bag of meat
    33 | D        | Noticed a large bag of meat
    34 | D        | Reached skill level 10 in Short Blades
    34 | D        | Reached skill level 10 in Polearms
    34 | D        | Reached skill level 10 in Staves
    34 | D        | Reached skill level 10 in Unarmed Combat
    34 | D        | Reached skill level 10 in Conjurations
    34 | D        | Reached skill level 10 in Summonings
    34 | D        | Reached skill level 10 in Transmutations
    34 | D        | Reached skill level 10 in Fire Magic
    34 | D        | Reached skill level 10 in Ice Magic
    34 | D        | Noticed a destroyer
    35 | D        | Reached skill level 15 in Stealth
    35 | D        | Reached skill level 10 in Spellcasting
    35 | D        | Reached skill level 10 in Hexes
    35 | D        | Reached skill level 15 in Earth Magic
    35 | D        | Reached skill level 10 in Poison Magic
    35 | D        | Reached skill level 15 in Evocations
    35 | D        | Reached XP level 22. HP: 217/254 MP: 6/39
    35 | D        | Killed a large bag of meat
    36 | D        | Reached skill level 15 in Slings
    36 | D        | Reached skill level 15 in Crossbows
    36 | D        | Reached skill level 15 in Shields
    36 | D        | Reached skill level 15 in Necromancy
    36 | D        | Reached skill level 15 in Translocations
    36 | D        | Reached XP level 23. HP: 212/262 MP: 6/40
    36 | D        | Noticed a destroyer
    38 | D        | Reached skill level 15 in Long Blades
    38 | D        | Reached skill level 15 in Maces & Flails
    38 | D        | Noticed a destroyer
    40 | D        | Killed a large bag of meat
    41 | D        | Reached skill level 15 in Short Blades
    41 | D        | Reached skill level 15 in Polearms
    41 | D        | Reached skill level 15 in Staves
    41 | D        | Reached skill level 15 in Unarmed Combat
    41 | D        | Reached skill level 15 in Conjurations
    41 | D        | Reached skill level 15 in Summonings
    41 | D        | Reached skill level 15 in Transmutations
    41 | D        | Reached skill level 15 in Fire Magic
    41 | D        | Reached skill level 15 in Ice Magic
    41 | D        | Reached XP level 24. HP: 237/272 MP: 7/41
    42 | D        | Reached skill level 15 in Spellcasting
    42 | D        | Reached skill level 15 in Hexes
    42 | D        | Reached skill level 15 in Poison Magic
    43 | D        | Reached XP level 25. HP: 265/280 MP: 7/42
    44 | D        | Killed a destroyer
    45 | D        | Reached skill level 15 in Bows
    45 | D        | Reached skill level 15 in Air Magic
    45 | D        | Killed a destroyer
    45 | D        | Noticed a large bag of meat
    45 | D        | Noticed a tyrant
    46 | D        | Reached XP level 26. HP: 283/290 MP: 8/44
    51 | D        | Reached XP level 27. HP: 283/298 MP: 9/45
    53 | D        | Noticed an accursed
    53 | D        | Noticed a destroyer
    54 | D        | Killed a large bag of meat
    56 | D        | Reached skill level 27 in Stealth
    56 | D        | Reached skill level 27 in Earth Magic
    56 | D        | Reached skill level 27 in Evocations
    56 | D        | Noticed an accursed
    58 | D        | Killed a tyrant
    58 | D        | Noticed a meat beast
    59 | D        | Noticed a tyrant
    60 | D        | Killed an accursed
    62 | D        | Noticed a meat beast
    62 | D        | Noticed a dread
    62 | D        | Noticed an accursed
    63 | D        | Noticed a dread
    63 | D        | Killed a meat beast
    64 | D        | Reached skill level 27 in Slings
    64 | D        | Reached skill level 27 in Crossbows
    64 | D        | Reached skill level 27 in Shields
    64 | D        | Reached skill level 27 in Necromancy
    64 | D        | Reached skill level 27 in Translocations
    65 | D        | Killed a destroyer
    66 | D        | Killed an accursed
    66 | D        | Killed a meat beast
    66 | D        | Noticed a destroyer
    67 | D        | Reached skill level 27 in Long Blades
    67 | D        | Reached skill level 27 in Maces & Flails
    68 | D        | Noticed a meat beast
    68 | D        | Killed a destroyer
    69 | D        | Reached skill level 27 in Short Blades
    69 | D        | Reached skill level 27 in Polearms
    69 | D        | Reached skill level 27 in Staves
    69 | D        | Reached skill level 27 in Unarmed Combat
    69 | D        | Reached skill level 27 in Conjurations
    69 | D        | Reached skill level 27 in Summonings
    69 | D        | Reached skill level 27 in Transmutations
    69 | D        | Reached skill level 27 in Fire Magic
    69 | D        | Reached skill level 27 in Ice Magic
    71 | D        | Reached skill level 27 in Hexes
    71 | D        | Killed a tyrant
    71 | D        | Noticed The Servant
    72 | D        | Reached skill level 27 in Bows
    72 | D        | Reached skill level 27 in Spellcasting
    72 | D        | Reached skill level 27 in Air Magic
    72 | D        | Reached skill level 27 in Poison Magic
    72 | D        | Killed a destroyer
    72 | D        | Noticed a meat beast
    73 | D        | Killed a dread
    74 | D        | Killed a meat beast
    74 | D        | Killed a dread
    75 | D        | Killed an accursed
    77 | D        | Noticed a meat beast
    77 | D        | Killed a meat beast
    77 | D        | Noticed a meat beast
    79 | D        | Noticed a meat beast
    81 | D        | Killed a meat beast
    82 | D        | Killed a meat beast
    84 | D        | Killed a meat beast
    88 | D        | Noticed a meat beast
    89 | D        | Killed The Servant
    90 | D        | Noticed a meat beast
    93 | D        | Killed a meat beast
    94 | D        | Killed a meat beast
    94 | D        | Noticed a tyrant
    95 | D        | Killed a tyrant
    96 | D        | Noticed a tyrant
    99 | D        | Noticed a dread
    99 | D        | Noticed a meat beast
   102 | D        | Killed a tyrant
   103 | D        | Noticed a meat beast
   104 | D        | Noticed a tyrant
   105 | D        | Killed a meat beast
   106 | D        | Killed a dread
   108 | D        | Killed a meat beast
   111 | D        | Killed a large bag of meat
   111 | D        | Noticed a tyrant
   112 | D        | Noticed a meat beast
   112 | D        | Killed a tyrant
   112 | D        | Noticed a tyrant
   112 | D        | Killed a large bag of meat
   112 | D        | Noticed a dread
   114 | D        | Killed from afar by a tyrant

Illustrated notes

Levels and vault maps discovered:
D:        meatsprint

Skill      XL: |  1  2  3  4  5  6  7  8  9 10 11 12 13 14 15 16 17 18 19 20 21 22 23 24 25 26 27 |
---------------+----------------------------------------------------------------------------------+-----
Fighting       | 11 15 18 20 22 27 | 27.0
Axes           | 13 17 20 21 23 25 27 | 27.0
Throwing       | 11 15 18 20 22 27 | 27.0
Armour         | 13 17 20 21 23 25 27 | 27.0
Dodging        | 13 17 20 21 23 25 27 | 27.0
Invocations    | 15 20 23 24 26 27 | 27.0
Short Blades   | 1 6 9 11 13 15 16 18 19 27 | 27.0
Long Blades    | 2 7 10 12 14 16 18 19 21 27 | 27.0
Maces & Flails | 2 7 10 12 14 16 18 19 20 27 | 27.0
Polearms       | 1 6 9 11 13 15 16 18 19 27 | 27.0
Staves         | 1 6 9 11 13 15 16 18 19 27 | 27.0
Slings         | 2 8 10 13 15 18 19 21 22 27 | 27.0
Bows           | 1 5 7 9 11 13 14 16 27 | 27.0
Crossbows      | 2 7 10 13 15 18 19 21 22 27 | 27.0
Stealth        | 2 9 12 15 17 20 22 24 25 27 | 27.0
Shields        | 2 8 10 13 15 18 19 21 22 27 | 27.0
Unarmed Combat | 1 6 9 11 13 15 16 18 19 27 | 27.0
Spellcasting   | 1 6 8 10 12 14 15 17 18 27 | 27.0
Conjurations   | 1 6 9 11 13 15 16 18 19 27 | 27.0
Hexes          | 1 6 8 10 12 14 15 17 18 27 | 27.0
Summonings     | 1 6 9 11 13 15 16 18 19 27 | 27.0
Necromancy     | 2 7 10 13 15 18 19 21 22 27 | 27.0
Translocations | 2 8 10 13 15 18 19 21 22 27 | 27.0
Transmutations | 1 6 9 11 13 15 16 18 19 27 | 27.0
Fire Magic     | 1 6 9 11 13 15 16 18 19 27 | 27.0
Ice Magic      | 1 6 9 11 13 15 16 18 19 27 | 27.0
Air Magic      | 1 5 7 9 11 13 14 16 27 | 27.0
Earth Magic    | 2 9 12 15 17 20 22 24 25 27 | 27.0
Poison Magic   | 1 6 8 10 12 14 15 17 18 27 | 27.0
Evocations     | 2 9 12 15 17 20 22 24 25 27 | 27.0

Action                   |  1- 3 |  4- 6 |  7- 9 | 10-12 | 13-15 | 16-18 | 19-21 | 22-24 | 25-27 || total
-------------------------+-------+-------+-------+-------+-------+-------+-------+-------+-------++-------
Melee: Executioner's axe |     1 |       |       |     1 |     2 |     7 |     8 |     8 |    57 ||    84
Throw: Throwing net      |     1 |       |       |       |       |       |       |       |       ||     1
Invok: Greater Servant o |       |       |       |       |       |       |       |       |     2 ||     2
       Major Destruction |       |       |       |       |       |       |       |       |     1 ||     1
 Abil: Heal Wounds       |       |       |       |       |       |       |       |       |     2 ||     2
Armor: Leather armour    |       |       |       |       |       |       |       |       |     4 ||     4
Dodge: Dodged            |       |       |       |     1 |       |       |       |       |     9 ||    10
